 Dungeon Crawl Stone Soup version 0.30.1-3-gfc49f6343a (webtiles) character file.

Game seed: 10769460959258617950

41 Heoruswealwe the Conjurer (level 3, -6/19 HPs)
             Began as a Deep Elf Conjurer on July 20, 2023.
             Mangled by Sigmund
             ... wielding a +0 scythe
              (13 damage)
             ... on level 2 of the Dungeon.
             The game lasted 00:06:50 (780 turns).

Heoruswealwe the Conjurer (Deep Elf Conjurer)        Turns: 780, Time: 00:06:54

Health: -6/19      AC:  0    Str:  4    XL:     3   Next: 32%
Magic:  3/10       EV: 12    Int: 24    God:
Gold:   33         SH:  0    Dex: 13    Spells: 4/10 levels left

rFire   . . .        (no weapon)
rCold   . . .        (no shield)
rNeg    . . .        (no body armour)
rPois   .            (no helmet)
rElec   .            (no cloak)
rCorr   .            (no gloves)
SInv    .            (no boots)
Will    .....        (no amulet)
Stlth   ++           (no ring)
HPRegen 0.23/turn    (no ring)
MPRegen 0.12/turn

%: no passive effects
@: no status effects
A: no striking features
a: no special abilities


You were on level 2 of the Dungeon.
You visited 1 branch of the dungeon, and saw 2 of its levels.

You collected 33 gold pieces.

Inventory:

Potions
 a - a potion of flight {unknown}
 b - a potion of magic
 d - 2 potions of might {unknown}
 e - 2 potions of mutation {unknown}
 g - a potion of brilliance {unknown}


   Skills:
 - Level 2.4 Dodging
 - Level 2.4 Stealth
 + Level 4.2 Spellcasting
 + Level 5.1 Conjurations


You had 4 spell levels left.
You knew the following spells:

 Your Spells              Type           Power      Damage    Failure   Level
a - Magic Dart            Conj           100%       1d8       1%          1
b - Searing Ray           Conj           58%        2d6       1%          2
c - Dazzling Flash        Conj/Hex       34%        N/A       10%         3

Your spell library contained the following spells:

 Spells                   Type           Power      Damage    Failure   Level
 Fulminant Prism          Conj/Hex       8%         3d7       32%         4
 Iskenderun's Mystic Bla  Conj/Tloc      17%        2d5       32%         4


Dungeon Overview and Level Annotations

Branches:
Dungeon (2/15)

Altars:

Annotations:
D:2 Sigmund


Message History

The magic dart hits the adder.
The adder is heavily wounded.
The magic dart hits the adder but does no damage.
The adder is heavily wounded.
The adder misses you.
The magic dart hits the adder.
The adder is almost dead.
The adder closely misses you.
The magic dart hits the adder.
You kill the adder!
You start resting.
HP restored.
You start resting.
Magic restored.
Casting: Magic Dart (safe; 1% risk of failure)
Confirm with . or Enter, or press ? or * to list all spells.
Aiming: Searing Ray (safe; 1% risk of failure)
Press: ? - help, Shift-Dir - straight line, f - Sigmund
Aim: Sigmund, wielding a +0 scythe and wearing a +0 robe (asleep, 100% to hit)
The searing ray hits Sigmund.
Sigmund is lightly wounded.
Sigmund shouts! (Press . to maintain the ray.) Sigmund gestures wildly while chanting.
Sigmund flickers and vanishes!
Deactivating autopickup; reactivate with Ctrl-A.
The searing ray hits something.
A puff of flame appears from out of thin air!
The puff of flame hits you!
Ouch! That really hurt!
The searing ray hits something.
You finish channelling your searing ray.
Casting: Searing Ray (safe; 1% risk of failure)
Confirm with . or Enter, or press ? or * to list all spells.
Aiming: Searing Ray (safe; 1% risk of failure)
Press: ? - help, Shift-Dir - straight line The searing ray hits something. (Press . to maintain the ray.)
Something hits you!
Ouch! That really hurt!
You die...

#.# #......# #..
#.# #.>....# .
#.# #....#.#
#.###.# #....#.#
#.....####.###.#
#####......#
#########..#
...........#
.......@...#
...............
...........####
...........#
..$..........
......!...####
..........#
..........#


There were no monsters in sight!

Vanquished Creatures
  An adder (D:2)
  5 ball pythons (D:1)
  3 endoplasms
  A giant cockroach (D:1)
  2 goblins (D:1)
  2 hobgoblins (D:1)
  3 jackals (D:1)
  2 kobolds (D:1)
  A quokka (D:1)
  4 bats
  4 frilled lizards (D:1)
  2 rats (D:1)
30 creatures vanquished.

Notes
Turn   | Place    | Note
-------+----------+-------------------------------------------
     0 | D:1      | Heoruswealwe the Deep Elf Conjurer began the quest for the
                  | Orb.
     0 | D:1      | Reached XP level 1. HP: 10/10 MP: 6/6
   186 | D:1      | Reached XP level 2. HP: 15/15 MP: 2/8
   189 | D:1      | Learned a level 2 spell: Searing Ray
   567 | D:1      | Reached skill level 5 in Conjurations
   567 | D:1      | Reached XP level 3. HP: 19/19 MP: 5/10
   571 | D:1      | Learned a level 3 spell: Dazzling Flash
   714 | D:2      | Noticed Sigmund
   780 | D:2      | Mangled by Sigmund

Illustrated notes

Levels and vault maps discovered:
D:1:      dpeg_arrival_signposts, layout_basic
D:2:      layout_basic, ebering_ecumenical_altar_hall,
          kennysheep_generic_room_4, uniq_sigmund, uniq_jessica

Skill      XL: |  1  2 |
---------------+-------+-----
Spellcasting   | 4 |  4.2
Conjurations   | 5 |  5.1
Dodging        | |  2.4
Stealth        | |  2.4

Action                     || total
---------------------------++-------
   Cast: Magic Dart        ||    48
         Searing Ray       ||     2
 Armour: Robe              ||     1
  Dodge: Dodged            ||     5
